 Dungeon Crawl Stone Soup version 0.22-a0-373-gab1296c (webtiles) character file.

2045 Kakmanz the Fighter (level 9, -4/129 HPs)
             Began as a Minotaur Berserker on Apr 25, 2018.
             Was a Priest of Trog.
             Slain by a dream sheep (5 damage)
             ... on level 8 of the Dungeon.
             The game lasted 00:14:06 (5313 turns).

Kakmanz the Fighter (Minotaur Berserker)            Turns: 5313, Time: 00:14:06

Health: -4/129     AC: 10    Str: 30    XL:     9   Next: 4%
Magic:  8/8        EV:  9    Int:  4    God:    Trog [***...]
Gold:   358        SH:  0    Dex: 10    Spells: 8/8 levels left

rFire    . . .     SeeInvis .   a - +0 hand axe
rCold    . . .     Gourm    .   (no shield)
rNeg     . . .     Faith    .   e - +0 chain mail
rPois    .         Spirit   .   (helmet restricted)
rElec    .         Reflect  .   (no cloak)
rCorr    .         Harm     .   (no gloves)
MR       .....                  x - +1 pair of boots
Stlth    ..........             (no amulet)
HPRegen  0.31/turn              (no ring)
MPRegen  0.11/turn              (no ring)

@: berserking (expiring), very quick
A: retaliatory headbutt, horns 2
a: Berserk, Trog's Hand, Renounce Religion


You were on level 8 of the Dungeon.
You worshipped Trog.
Trog was most pleased with you.
You were near starving.

You visited 1 branch of the dungeon, and saw 8 of its levels.

You collected 358 gold pieces.

Inventory:

Hand Weapons
 a - a +0 hand axe (weapon)
 j - a +0 club
Armour
 b - a +0 animal skin
 e - a +0 chain mail (worn)
 f - a +0 buckler
 x - a +1 pair of boots (worn)
Jewellery
 k - an uncursed amulet of harm {unknown}
 u - a +3 ring of evasion {unknown}
 w - an uncursed amulet of rage {unknown}
 z - a +3 ring of protection {unknown}
Wands
 D - a wand of flame (25)
 F - a wand of random effects (18)
Scrolls
 d - 9 scrolls of identify {unknown}
 h - 3 scrolls of enchant weapon {unknown}
 i - 5 scrolls of remove curse {unknown}
 m - a scroll of immolation {unknown}
 p - 2 scrolls of fog {unknown}
 q - 2 scrolls of amnesia {unknown}
 r - 3 scrolls of teleportation {unknown}
 s - a scroll of random uselessness {unknown}
 v - a scroll of enchant armour {unknown}
 y - a scroll of fear {unknown}
 C - a scroll of holy word {unknown}
 E - a scroll of acquirement {unknown}
Potions
 g - 3 potions of heal wounds {unknown}
 l - a potion of might {unknown}
 n - a potion of magic {unknown}
 o - 3 potions of degeneration {unknown}
 t - 2 potions of mutation {unknown}
 A - a potion of curing {unknown}
 B - 2 potions of cancellation {unknown}
Comestibles
 c - 7 rations


   Skills:
 * Level 10.8 Fighting
 - Level 10.2 Axes
 - Level 2.4 Armour
 - Level 2.1 Dodging
 - Level 0.4 Stealth


You had 8 spell levels left.
You didn't know any spells.

Dungeon Overview and Level Annotations

Branches:
Dungeon (8/15)
 Temple: D:4-7         Lair: D:8-11

Altars:
Ashenzari
Cheibriados
Elyvilon
Makhleb
Nemelex Xobeh
Okawaru
Xom
Yredelemnul

Shops:
D:5 }![:


Innate Abilities, Weirdness & Mutations

You reflexively headbutt those who attack you in melee.
You have a pair of horns on your head.


Message History

* * * LOW HITPOINT WARNING * * *
You hit the yak. You headbutt the yak!!
The yak is severely wounded.
You barely miss the yak.
You kill the yak!
Trog accepts your kill.
You have reached level 9!
Your experience leads to an increase in your attributes!
Your base attributes are Str 24, Int 4, Dex 10.
Increase (S)trength, (I)ntelligence, or (D)exterity?
Uppercase letters only, please.
Uppercase letters only, please.
You feel stronger. The dream sheep bites you.
* * * LOW HITPOINT WARNING * * *
You see here a yak corpse.
You slash the dream sheep!
The dream sheep is heavily wounded.
The dream sheep bites you.
You die...

#<# #.#
#.######.#
#........#
#..#######
#..# #..#
#..####
#..@YY##
#..##.)#
######)####
#PP≈Y≈)≈.#
#P≈.%.%..#
#≈≈P..P..#
#P≈≈.%...#
#.≈P.....#
#+###'''##


You could see 2 dream sheep.

Vanquished Creatures
  2 yaks (D:8)
  The ghost of yaymichael the Insei, an amateur OpTm (D:3)
  A phantom (D:4)
  An ogre (D:6)
  A centaur (D:7)
  2 big kobolds (D:8)
  2 bullfrogs
  3 scorpions
  A howler monkey (D:7)
  3 crimson imps
  A quasit (D:6)
  2 centaur skeletons (D:4)
  A bullfrog zombie (D:5)
  An iron imp (D:5)
  A bullfrog skeleton (D:4)
  3 orc priests (D:5)
  4 hounds
  2 iguanas
  5 worker ants
  Natasha (D:3)
  3 orc wizards
  A worker ant zombie (D:7)
  8 adders
  An ooze (D:5)
  An adder skeleton (D:4)
  6 worms
  2 dart slugs
  2 leopard geckos
  9 orcs
  5 bats
  4 giant cockroaches
  4 goblins (D:2)
  A hobgoblin (D:3)
  7 jackals
  7 kobolds
  A quokka (D:5)
  2 ball pythons
  2 frilled lizards (D:3)
  A jackal skeleton (D:6)
  A jackal zombie (D:6)
  A leopard gecko zombie (D:5)
  A quokka skeleton (D:4)
  4 rats (D:2)
112 creatures vanquished.

Notes
Turn   | Place    | Note
-------+----------+-------------------------------------------
     0 | D:1      | Kakmanz the Minotaur Berserker began the quest for the Orb.
     0 | D:1      | Reached XP level 1. HP: 19/19 MP: 0/0
    83 | D:2      | Found a burning altar of Makhleb.
    83 | D:2      | Noticed a hound
    88 | D:2      | Killed a hound
    88 | D:2      | Reached skill level 5 in Axes
    88 | D:2      | Reached XP level 2. HP: 19/26 MP: 1/1
   107 | D:2      | Reached XP level 3. HP: 19/31 MP: 2/2
   717 | D:2      | Reached XP level 4. HP: 30/39 MP: 3/3
   933 | D:3      | Found a white marble altar of Elyvilon.
   969 | D:3      | Reached ** piety under Trog
  1046 | D:3      | Noticed yaymichael's ghost (amateur OpTm)
  1054 | D:3      | Killed yaymichael's ghost
  1054 | D:3      | Reached XP level 5. HP: 45/45 MP: 4/4
  1615 | D:3      | Noticed Natasha
  1620 | D:3      | Killed Natasha
  1620 | D:3      | Reached XP level 6. HP: 48/51 MP: 5/5
  1646 | D:3      | Found an iron altar of Okawaru.
  2081 | D:4      | Reached XP level 7. HP: 41/57 MP: 6/6
  2405 | D:4      | Reached skill level 10 in Axes
  2712 | D:5      | Entered Level 5 of the Dungeon
  2826 | D:5      | Found Ruuney's Armour Shoppe.
  2828 | D:5      | Found Loran's Book Shoppe.
  2829 | D:5      | Found Cize's Distillery.
  2830 | D:5      | Found Gutuam's Gadget Shoppe.
  2896 | D:5      | Reached skill level 5 in Fighting
  2917 | D:5      | Reached *** piety under Trog
  3152 | D:5      | Found a snail-covered altar of Cheibriados.
  3706 | D:5      | Reached XP level 8. HP: 70/71 MP: 7/7
  3998 | D:6      | Found a sparkling altar of Nemelex Xobeh.
  4344 | D:6      | Found a shattered altar of Ashenzari.
  4379 | D:6      | Found a glowing drain.
  4431 | D:6      | Found a basalt altar of Yredelemnul.
  5214 | D:7      | Found a shimmering altar of Xom.
  5267 | D:8      | Noticed a dream sheep
  5267 | D:8      | Noticed a dream sheep
  5283 | D:8      | Reached skill level 10 in Fighting
  5309 | D:8      | HP: 6/120 [yak (4)]
  5311 | D:8      | Reached XP level 9. HP: 6/86 MP: 8/8
  5312 | D:8      | HP: 1/129 [dream sheep (6)]
  5313 | D:8      | Slain by a dream sheep

Vault maps used:
D:1:      shiori_shiawase
D:2:      makhleb_heckhound_becter, st_stairs_10
D:3:      marbit_many_paths, nicolae_overflow_crystal_walls, first_ration,
          uniq_natasha
D:5:      slow_altar_2, minmay_shop_grid_forest
D:6:      evilmike_ruin_ashenzari, overflow_temple_1_default,
          nemelex_xobeh_ov_fountains_minmay, cheibrodos_sewer_entry_bend,
          minmay_misc_feat_tower
D:7:      nicolae_tso_carved_into_rock, xom_butterflies,
          minmay_temple_entry_fiery, serial_shops, shop_fountains
D:8:      serial_shops, shop, hangedman_ranch, dk_vineyard_2

Skill      XL: |  1  2  3  4  5  6  7  8 |
---------------+-------------------------+-----
Axes           | 5 6 7 8 9 10 | 10.2
Fighting       | 6 10 | 10.8
Armour         | |  2.4
Dodging        | |  2.1
Stealth        | |  0.4

Action                   |  1- 3 |  4- 6 |  7- 9 || total
-------------------------+-------+-------+-------++-------
Melee: Hand axe          |    41 |    92 |   262 ||   395
       Headbutt          |     4 |    25 |    46 ||    75
Invok: Berserk           |       |     1 |     1 ||     2
  Eat: Chunk             |       |     4 |    10 ||    14
Armor: Chain mail        |    22 |    50 |    92 ||   164
Dodge: Dodged            |    20 |    33 |    69 ||   122

Table legend:
 A = Spawn XP
 B = Non-spawn XP
 C = Spawn XP percentage of total XP
 D = Spawn monster count
 E = Non-spawn monster count
 F = Spawn count percentage of total count
 G = Total turns spent on level
                    A         B        C        D         E        F      G
               +---------+---------+-------+---------+---------+-------+---------
         Total |       0 |    2922 |   0.0 |       0 |     112 |   0.0 |  5313
               +---------+---------+-------+---------+---------+-------+---------
           D:2 |       0 |     101 |   0.0 |       0 |      22 |   0.0 |   765
           D:3 |       0 |     288 |   0.0 |       0 |      21 |   0.0 |   899
           D:4 |       0 |     727 |   0.0 |       0 |      27 |   0.0 |   966
           D:5 |       0 |     346 |   0.0 |       0 |      14 |   0.0 |  1235
           D:6 |       0 |     387 |   0.0 |       0 |      14 |   0.0 |   770
           D:7 |       0 |     462 |   0.0 |       0 |      10 |   0.0 |   537
           D:8 |       0 |     611 |   0.0 |       0 |       4 |   0.0 |    59
               +---------+---------+-------+---------+---------+-------+---------
